 Dungeon Crawl Stone Soup version 0.27-a0-1278-g6cbc8dfb29 (webtiles) character file.

Game seed: 16239522863280614602

78 bilbop the Bolt Thrower (level 4, 0/28 HPs)
             Began as a Kobold Hunter on June 13, 2021.
             Slain by Sigmund (12 damage)
             ... on level 2 of the Dungeon.
             The game lasted 00:07:39 (1507 turns).

bilbop the Bolt Thrower (Kobold Hunter)             Turns: 1507, Time: 00:07:40

Health: 0/28       AC:  4    Str: 10    XL:     4   Next: 61%
Magic:  4/4        EV: 14    Int: 12    God:
Gold:   118        SH:  0    Dex: 15    Spells: 3/3 levels left

rFire    . . .     SeeInvis .   b - +0 short sword (drain)
rCold    + . .     Faith    .   (shield restricted)
rNeg     . . .     Spirit   .   c - +0 leather armour
rPois    .         Reflect  .   m - +0 helmet
rElec    .         Harm     .   (no cloak)
rCorr    .         Rampage  .   (no gloves)
Will     .....                  (no boots)
Stlth    ++........             (no amulet)
HPRegen  0.09/turn              h - ring of protection from cold
MPRegen  0.09/turn              (no ring)

@: confused
A: small, no large weapons, nightstalker 3
a: no special abilities


You were on level 2 of the Dungeon.
You visited 1 branch of the dungeon, and saw 2 of its levels.

You collected 118 gold pieces.

Inventory:

Hand Weapons
 a - a +1 hand crossbow
 b - a +0 short sword of draining (weapon)
 i - a +0 short sword
Missiles
 d - 5 bolts
Armour
 c - a +0 leather armour (worn)
 m - a +0 helmet (worn)
Jewellery
 h - a ring of protection from cold (left hand)
Scrolls
 f - a scroll of fog {unknown}
 g - a scroll of silence {unknown}
 j - a scroll of enchant weapon {unknown}
 k - a scroll of vulnerability {unknown}
Potions
 e - 7 potions of curing {unknown}
 l - 2 potions of haste {unknown}


   Skills:
 * Level 3.3 Fighting
 + Level 1.6 Short Blades
 + Level 5.1 Crossbows
 + Level 3.2 Dodging
 + Level 2.6 Stealth


You had 3 spell levels left.
You didn't know any spells.
Your spell library contained the following spells:

 Spells                   Type           Power      Damage    Failure   Level
 Animate Skeleton         Necr           0%         N/A       41%         1
 Apportation              Tloc           0%         N/A       41%         1
 Corona                   Hex            0%         N/A       41%         1
 Foxfire                  Conj/Fire      0%         2x1d4     41%         1
 Summon Small Mammal      Summ           0%         N/A       41%         1
 Confusing Touch          Hex            0%         N/A       80%         3
 Conjure Flame            Conj/Fire      0%         6-21      80%         3
 Gell's Gravitas          Tloc           0%         N/A       80%         3
 Inner Flame              Hex/Fire       0%         N/A       80%         3
 Cause Fear               Hex            0%         N/A       99%         4
 Petrify                  Tmut/Erth      0%         N/A       99%         4
 Sticky Flame             Conj/Fire      0%         2d3       99%         4
 Fireball                 Conj/Fire      0%         3d3       100%        5
 Metabolic Englaciation   Hex/Ice        0%         N/A       100%        5
 Silence                  Hex/Air        0%         N/A       100%        5
 Yara's Violent Unravell  Hex/Tmut       0%         3d3       100%        5
 Discord                  Hex            0%         N/A       100%        8


Dungeon Overview and Level Annotations

Branches:
Dungeon (2/15)

Altars:
Trog

Shops:
D:1 [

Annotations:
D:2 Sigmund


Innate Abilities, Weirdness & Mutations

You are small and have problems with some larger weapons.
You are completely attuned to the shadows.


Message History

d - 11 bolts (gained 1)
Things that are here:
a +0 club; a goblin corpse
There is a stone staircase leading down here.
Found a ring mail.
Sigmund the Dreaded comes into view.
He is wielding a +0 scythe.
You shoot a bolt. The bolt hits Sigmund!
Sigmund is heavily wounded.
Sigmund mumbles some strange words.
Sigmund flickers and vanishes!
Deactivating autopickup; reactivate with Ctrl-A.
No target in view!
Fire: 10 bolts
Press: ? - help, Q - select action Shift-Dir - straight line You shoot a bolt.
Fire: 9 bolts
Press: ? - help, Q - select action Shift-Dir - straight line You shoot a bolt.
Something hits you.
Fire: 8 bolts
Press: ? - help, Q - select action Shift-Dir - straight line You shoot a bolt.
Something hits you.
Fire: 7 bolts
Press: ? - help, Q - select action Shift-Dir - straight line You shoot a bolt.
Something barely misses you.
Fire: 6 bolts
Press: ? - help, Q - select action Shift-Dir - straight line You shoot a bolt.
You hear some strange, mumbled words.
You are confused.
Something hits you.
You sense an unholy aura.
b - a +0 short sword of draining (weapon)
You bump into the rock wall.
Something completely misses you.
You bump into the rock wall.
Something hits you. Something hits you.
You bump into the rock wall.
Something hits you!
You die...

........# ####.#### #.# #.#
#.. ... #(# #[# #{# #@# #.#
#.# ########.#
########...>....#
#.....##.##.#.#.#############
#.###.##.##.#...............#
#.###.##.##.#.#.###########.#
#................## #.#


There were no monsters in sight!

Vanquished Creatures
  3 adders (D:2)
  A gnoll (D:1)
  3 dart slugs
  2 endoplasms (D:1)
  3 hobgoblins
  6 jackals
  2 kobolds (D:1)
  A quokka (D:1)
  3 ball pythons
  3 bats (D:1)
  3 frilled lizards
  3 goblins (D:2)
  4 rats
37 creatures vanquished.

Notes
Turn   | Place    | Note
-------+----------+-------------------------------------------
     0 | D:1      | bilbop the Kobold Hunter began the quest for the Orb.
     0 | D:1      | Reached XP level 1. HP: 12/12 MP: 1/1
   195 | D:1      | Reached XP level 2. HP: 18/18 MP: 2/2
   395 | D:1      | Reached skill level 5 in Crossbows
   432 | D:1      | Reached skill level 1 in Short Blades
   433 | D:1      | Found Vicaas's Antique Armour Emporium.
   593 | D:1      | Reached XP level 3. HP: 22/22 MP: 3/3
  1131 | D:2      | Found a bloodstained altar of Trog.
  1133 | D:2      | Reached XP level 4. HP: 28/28 MP: 4/4
  1496 | D:2      | Noticed Sigmund
  1507 | D:2      | Slain by Sigmund

Illustrated notes

Levels and vault maps discovered:
D:1:      dpeg_arrival_fog, layout_basic, serial_shops, shop,
          chequers_arboretum, minmay_pentomino_t2
D:2:      layout_loops_corners, basic_altar, uniq_sigmund

Skill      XL: |  1  2  3 |
---------------+----------+-----
Crossbows      | 5 |  5.1
Stealth        | 2 |  2.6
Short Blades   | 1 |  1.6
Fighting       | 3 |  3.3
Dodging        | 3 |  3.2

Action                   |  1- 3 |  4- 6 || total
-------------------------+-------+-------++-------
Melee: Short sword       |     3 |     2 ||     5
 Fire: Hand crossbow     |    52 |    19 ||    71
Armor: Leather armour    |     2 |     2 ||     4
Dodge: Dodged            |    18 |     4 ||    22

Table legend: (Time is in decaauts)
 A = Elapsed time spent in this place.
 B = Non-inter-level travel time spent in this place.
 C = Inter-level travel time spent in this place.
 D = Time resting spent in this place.
 E = Time spent auto-exploring this place.
 F = Levels seen in this place.
 G = Mean time per level.
                   A        B        C        D        E       F      G
               +--------+--------+--------+--------+--------+-----+--------+
         Total |   1520 |   1479 |     41 |      0 |   1286 |   2 |  760.0 |
       Dungeon |   1520 |   1479 |     41 |      0 |   1286 |   2 |  760.0 |
               +--------+--------+--------+--------+--------+-----+--------+

Top non-repeatable levels by time:
     D:2: 874 daAuts
     D:1: 646 daAuts
